 Dungeon Crawl Stone Soup version 0.29.1-15-g9cfb28693d (webtiles) character file.

Game seed: 5677091579018810404

4 ThatPearl the Insei (level 1, -1/16 HPs)
             Began as a Demigod Transmuter on Mar 11, 2023.
             Slain by a kobold
             ... wielding a +0 whip
              (3 damage)
             ... on level 1 of the Dungeon.
             The game lasted 00:00:43 (451 turns).

ThatPearl the Insei (Demigod Transmuter)             Turns: 451, Time: 00:00:43

Health: -1/16      AC:  4    Str: 11    XL:     1   Next: 40%
Magic:  5/5        EV: 12    Int: 15    God:
Gold:   14         SH:  0    Dex: 14    Spells: 2/3 levels left

rFire   . . .      SeeInvis .     - Unarmed
rCold   . . .      Faith    .   (no shield)
rNeg    . . .      Spirit   .   a - +0 robe
rPois   .          Reflect  .   (no helmet)
rElec   .          Harm     .   (no cloak)
rCorr   .          Rampage  .   (no gloves)
Will    .....                   f - +1 pair of boots
Stlth   +.........              (no amulet)
HPRegen 0.05/turn               (no ring)
MPRegen 0.09/turn               (no ring)

@: no status effects
A: high MP 1, forlorn, divine attributes
a: no special abilities


You were on level 1 of the Dungeon.
You visited 1 branch of the dungeon, and saw 1 of its levels.

You collected 14 gold pieces.

Inventory:

Missiles
 c - 4 poisoned darts
Armour
 a - a +0 robe (worn)
 f - a +1 pair of boots (worn)
Scrolls
 e - a scroll of vulnerability {unknown}
Potions
 b - a potion of lignification
 d - a potion of brilliance {unknown}
 g - a potion of mutation {unknown}


   Skills:
 + Level 1.1 Fighting
 - Level 1.7 Dodging
 + Level 2.8 Unarmed Combat
 - Level 1.7 Spellcasting
 + Level 1.9 Transmutations


You had 2 spell levels left.
You knew the following spells:

 Your Spells              Type           Power      Damage    Failure   Level
a - Beastly Appendage     Tmut           14%        N/A       11%         1

Your spell library contained the following spells:

 Spells                   Type           Power      Damage    Failure   Level
 Wereblood                Tmut           7%         N/A       16%         2
 Spider Form              Tmut/Pois      4%         N/A       43%         3
 Ice Form                 Ice/Tmut       4%         N/A       83%         4


Dungeon Overview and Level Annotations

Branches:
Dungeon (1/15)


Innate Abilities, Weirdness & Mutations

You have an increased reservoir of magic. (+10% MP)
You shall have no god before yourself.
Your divine heritage dramatically boosts your attributes as you level up.


Message History

You see here a +0 club.
A kobold comes into view. It is wielding a +0 whip.
The kobold shouts!
A goblin comes into view. It is wielding a +0 club.
The goblin shouts!
A rat comes into view.
The kobold hits you with a +0 whip.
You barely miss the kobold. The kobold hits you with a +0 whip.
You hit the goblin.
The goblin is heavily wounded.
The kobold misses you. The goblin hits you but does no damage.
You closely miss the goblin.
The goblin is heavily wounded.
The goblin barely misses you. The kobold misses you.
You hit the goblin but do no damage.
The goblin is heavily wounded.
The kobold hits you with a +0 whip. The goblin hits you but does no damage.
You closely miss the goblin.
The goblin is heavily wounded.
The kobold completely misses you. The goblin hits you with a +0 club.
You barely miss the goblin.
The goblin is heavily wounded.
You closely miss the kobold. The kobold closely misses you.
The goblin misses you.
You hit the kobold but do no damage. The kobold closely misses you.
The goblin hits you but does no damage.
You closely miss the kobold. The goblin hits you with a +0 club.
* * * LOW HITPOINT WARNING * * *
The kobold barely misses you.
You barely miss the kobold. The goblin hits you but does no damage.
The kobold hits you with a +0 whip.
* * * LOW HITPOINT WARNING * * *
You barely miss the kobold. The kobold misses you. The goblin misses you.
You hit the goblin but do no damage.
The goblin is heavily wounded.
The kobold barely misses you. The goblin hits you but does no damage.
You closely miss the goblin.
The goblin is heavily wounded.
The kobold hits you with a +0 whip.
You die...

#)# ##..#
#...........#.#
#.# #..#
#####.##..####.
######.#####..#
#.##.......
..........##..#
#.###.###..
######.##.##..#
#..........
#.##.....#
#####.###.>
#.##..##.# #.#
#..
#........#######
#.# #..
####.......@Kr.#
#..
##......g#?.....
#.. #.#####.#
.#### #.. #.#
#.# # #.. #.#
#.. ..# ###. #.
.# #


You could see a goblin, a kobold and a rat.

Vanquished Creatures
  A goblin (D:1)
  A ball python (D:1)
  A kobold (D:1)
  2 rats (D:1)
5 creatures vanquished.

Notes
Turn   | Place    | Note
-------+----------+-------------------------------------------
     0 | D:1      | ThatPearl the Demigod Transmuter began the quest for the
                  | Orb.
     0 | D:1      | Reached XP level 1. HP: 15/15 MP: 5/5
   263 | D:1      | Reached skill level 1 in Fighting
   451 | D:1      | Slain by a kobold

Illustrated notes

Levels and vault maps discovered:
D:1:      minmay_arrival_nine_rooms, layout_loops_ring

Skill      XL: |  1 |
---------------+----+-----
Fighting       | 1 |  1.1
Dodging        | |  1.7
Unarmed Combat | |  2.8
Spellcasting   | |  1.7
Transmutations | |  1.9

Action                   || total
-------------------------++-------
Melee: Unarmed           ||    28
 Stab: Sleeping          ||     1
Armor: Robe              ||     8
Dodge: Dodged            ||    18
